 Dungeon Crawl Stone Soup version 0.27-a0-1136-g0b992a5a9d (console) character file.

Game seed: 8507582627406128109

4174 nht the Cleaver (level 10, -1/74 HPs)
             Began as a Palentonga Berserker on May 5, 2021.
             Was an Elder of Trog.
             Slain by a hornet (14 damage)
             ... on level 8 of the Dungeon.
             The game lasted 00:11:47 (8522 turns).

nht the Cleaver (Palentonga Berserker)              Turns: 8522, Time: 00:11:48

Health: -1/74      AC: 10    Str: 25    XL:     10   Next: 8%
Magic:  10/10      EV: 23    Int:  7    God:    Trog [****..]
Gold:   163        SH:  0    Dex:  9    Spells: 9/9 levels left

rFire    + + .     SeeInvis +   (weapon currently unavailable)
rCold    + + .     Faith    .   (shield currently unavailable)
rNeg     + + +     Spirit   .   (armour currently unavailable)
rPois    ∞         Reflect  .   (helmet currently unavailable)
rElec    +         Harm     .   (cloak currently unavailable)
rCorr    +         Rampage  .   (gloves currently unavailable)
Will     .....                  (no barding)
Stlth    +.........             (amulet currently unavailable)
HPRegen  0.22/turn              (ring currently unavailable)
MPRegen  0.12/turn              (ring currently unavailable)

@: confused, agile, wisp-form, ambrosia-drunk, marked, on berserk cooldown,
flying, hasted and slowed, studying Crossbows
A: insubstial, flying, no casting, tiny, rugged brown scales 3, see invisible,
(deformed body), (roll 1), (armoured tail), (reflexive curl)
a: Renounce Religion, Berserk, Trog's Hand, Brothers in Arms


You were on level 8 of the Dungeon.
You worshipped Trog.
Trog was greatly pleased with you.
You were an insubstantial wisp.
You visited 1 branch of the dungeon, and saw 8 of its levels.

You collected 163 gold pieces.

Inventory:

Hand Weapons
 a - a +0 hand axe
 p - a +0 war axe (melded)
Missiles
 h - 46 poisoned darts
 m - 3 javelins
 v - 72 bolts
 w - 4 boomerangs
Armour
 b - a +0 animal skin (melded)
 c - a +0 cloak (melded)
 f - a +0 helmet (melded)
 i - +0 acid dragon scales
Jewellery
 e - a +4 ring of evasion (melded)
 l - an amulet of guardian spirit (melded)
 n - a ring of protection from fire (melded)
Wands
 x - a wand of polymorph (9)
 z - a wand of charming (3)
Scrolls
 d - a scroll of holy word
 j - 2 scrolls of magic mapping
 o - 2 scrolls of immolation
 y - a scroll of fog
Potions
 g - a potion of attraction
 k - 2 potions of mutation
 q - a potion of lignification
 s - 2 potions of berserk rage
 t - a potion of flight
 A - a potion of invisibility


   Skills:
 - Level 3.0 Fighting
 + Level 14.2 Axes
 - Level 1.5 Armour
 - Level 1.5 Dodging


You had 9 spell levels left.
You didn't know any spells.
Your spell library was empty.

Dungeon Overview and Level Annotations

Branches:
Dungeon (8/15)             Temple (0/1) D:4
   Lair: D:8-11

Altars:
Nemelex Xobeh
Qazlal

Annotations:
D:8 Gastronok, Maurice, Psyche


Innate Abilities, Weirdness & Mutations

You are an insubstantial wisp.
Your tiny insubstantial body is highly resistant to most damage types.
You are flying.
Your equipment is entirely melded.
You are incapable of wielding weapons or throwing items.
You cannot cast spells.
(You are completely covered in rugged brown scales. (AC +3, +7% HP))
You have supernaturally acute eyesight. (SInv)
((Armour fits poorly on your strangely shaped body.))
((You can roll at nearby foes to attack.))
((You have a long armoured tail.))
((You curl defensively after being hit.))


Message History

Erica barely misses you. The warg completely misses you.
Maurice barely misses you. The kobold misses you.
Unknown command.
You touch Erica!
You kill Erica!
Trog accepts your kill.
Trog appreciates your killing of a magic user.
A bullfrog comes into view.
The warg closely misses you. Psyche closely misses you. The hornet stings you.
Maurice completely misses you.
Your Axes skill increases to level 14!
You have reached level 10!
You barely miss Psyche.
Psyche is moderately wounded.
You are no longer berserk.
You are exhausted.
You feel as though you will be slow longer.
Psyche hits you but does no damage. You resist with almost no effort.
The warg bites you! The kobold closely misses you. The hornet misses you.
A steam dragon comes into view.
Unknown command.
Okay, then.
Unknown command.
Okay, then.
You feel much better. The warg misses you.
Psyche hits you with a +0 dagger of chaos.
The hornet completely misses you. Maurice closely misses you.
Gastronok waves his eye-stalks in wide circles.
The air twists around and strikes you!!!
The hornet stings you but does no damage.
Psyche completely misses you. The warg bites you!
* * * LOW HITPOINT WARNING * * *
A kobold comes into view.
It is wielding a +0 club and quivering poisoned darts.
It was a potion of ambrosia.
You are confused.
You feel invigorated. Maurice hits you with a +0 dagger.
* * * LOW HITPOINT WARNING * * *
Maurice steals 1 of your 2 potions of lignification!
The hornet stings you!
You die...

█.█........██.†.....
█.███...█..█.....8..
██...███...██.█......
█..█...███.█.........
██........█████.......
█...........█ ███...█.
██........█.██ ███...
█....h8.....█ ███.
█.█..Kvy...██ █.
Dw....@K@...█ ..
███....F...██ .█
███...█..█ ███...██
███.K


████ You could see Gastronok (swift), Maurice (swift), Psyche, a hornet, a warg,
a steam dragon, a kobold brigand, a bullfrog and 2 kobolds.

Vanquished Creatures
  Erica (D:8)
  Maggie (D:6)
  Sigmund (D:3)
  A wyvern (D:8)
  A yak (D:8)
  A warg (D:8)
  Edmund (D:6)
  2 water moccasins
  An orc warrior (D:8)
  An ice beast (D:5)
  A sky beast (D:6)
  2 black bears
  2 ogres (D:6)
  A centaur (D:7)
  2 phantoms (D:5)
  2 bullfrogs
  A wyvern zombie (D:6)
  2 scorpions
  A water moccasin zombie (D:6)
  2 killer bees (D:8)
  A wight (D:8)
  3 howler monkeys (D:8)
  A bullfrog zombie (D:6)
  2 centaur zombies
  4 hounds
  2 jellies
  2 orc priests
  3 bullfrog skeletons
  2 iguanas
  4 orc wizards
  A howler monkey skeleton (D:6)
  7 gnolls (D:3)
  10 adders
  A shadow imp (D:6)
  A white imp (D:7)
  An ufetubus (D:6)
  An adder skeleton (D:4)
  A worm (D:3)
  2 dart slugs (D:4)
  13 orcs
  6 ball pythons
  8 endoplasms
  2 giant cockroaches (D:4)
  6 goblins
  7 hobgoblins
  9 jackals
  2 quokkas
  5 bats
  A frilled lizard (D:2)
  5 kobolds
  2 rats
142 creatures vanquished.

Vanquished Creatures (collateral kills)
  An orc warrior (D:8)
  A killer bee (D:8)
  A centaur zombie (D:8)
  An orc priest (D:8)
  An orc wizard (D:8)
  A killer bee zombie (D:8)
  An orc (D:8)
7 creatures vanquished.

Vanquished Creatures (others)
  A killer bee (D:8)
1 creature vanquished.

Grand Total: 150 creatures vanquished

Notes
Turn   | Place    | Note
-------+----------+-------------------------------------------
     0 | D:1      | nht the Palentonga Berserker began the quest for the Orb.
     0 | D:1      | Reached XP level 1. HP: 19/19 MP: 1/1
    57 | D:1      | Found a faded altar of an unknown god.
   279 | D:1      | Reached XP level 2. HP: 25/25 MP: 2/2
   534 | D:1      | Reached skill level 4 in Axes
  1051 | D:2      | Reached XP level 3. HP: 28/31 MP: 3/3
  1856 | D:3      | Found a stormy altar of Qazlal.
  1923 | D:3      | Reached ** piety under Trog
  1924 | D:3      | Reached XP level 4. HP: 37/37 MP: 4/4
  1925 | D:3      | Reached skill level 5 in Axes
  2121 | D:3      | Noticed Sigmund
  2144 | D:3      | Killed Sigmund
  2145 | D:3      | Reached skill level 6 in Axes
  2145 | D:3      | Reached XP level 5. HP: 19/43 MP: 3/5
  2145 | D:3      | Reached XP level 6. HP: 22/50 MP: 3/6
  2438 | D:3      | Reached skill level 7 in Axes
  3093 | D:5      | Entered Level 5 of the Dungeon
  3892 | D:4      | Reached skill level 8 in Axes
  4021 | D:4      | Found a staircase to the Ecumenical Temple.
  4224 | D:4      | Gained mutation: You curl defensively after being hit.
                  | [Palentonga growth]
  4224 | D:4      | Reached XP level 7. HP: 49/55 MP: 7/7
  4796 | D:5      | Reached *** piety under Trog
  4921 | D:5      | Reached skill level 9 in Axes
  5550 | D:5      | Reached XP level 8. HP: 43/62 MP: 5/8
  5755 | D:6      | Reached skill level 10 in Axes
  5893 | D:6      | HP: 3/93 [poisoned by a water moccasin]
  5894 | D:6      | Reached skill level 11 in Axes
  5894 | D:6      | HP: 1/62 [poisoned by a water moccasin]
  6252 | D:6      | Noticed Maggie
  6259 | D:6      | Killed Maggie
  6260 | D:6      | Noticed Edmund
  6274 | D:6      | Killed Edmund
  6275 | D:6      | Reached XP level 9. HP: 21/67 MP: 2/9
  6278 | D:6      | Reached skill level 12 in Axes
  6566 | D:6      | Found a sparkling altar of Nemelex Xobeh.
  7232 | D:7      | Reached **** piety under Trog
  7779 | D:8      | Reached skill level 13 in Axes
  8500 | D:8      | Noticed Psyche
  8501 | D:8      | Noticed Erica
  8507 | D:8      | Noticed Maurice
  8514 | D:8      | Noticed Gastronok
  8519 | D:8      | Killed Erica
  8520 | D:8      | Reached skill level 14 in Axes
  8520 | D:8      | Reached XP level 10. HP: 71/74 MP: 10/10
  8522 | D:8      | Slain by a hornet

Illustrated notes

Levels and vault maps discovered:
D:1:      dpeg_arrival_rhombus, layout_loops_ring, basic_ecumenical_altar,
          wad_woods_river_04
D:2:      layout_basic
D:3:      layout_rooms, nicolae_overflow_hidden_temple, serial_rivers,
          chequers_serial_rivers_small_a, chequers_serial_rivers_marsh,
          chequers_serial_rivers_micro_a, chequers_serial_rivers_room_a,
          chequers_serial_rivers_micro_d, palyth_stone_intersect, uniq_sigmund
D:4:      layout_loops_corners, minmay_temple_entry_proselytizer
D:5:      layout_cave_pods
D:6:      layout_basic, kennysheep_mini_moat, minmay_manual_macuahuitl,
          uniq_maggie, uniq_edmund
D:7:      layout_basic
D:8:      minmay_skewed_foursquare, layout_cave_pools,
          erik_lair_orcish_takeover, grunt_decor_one_mirror, uniq_gastronok,
          uniq_psyche, uniq_erica, uniq_maurice

Skill      XL: |  1  2  3  4  5  6  7  8  9 |
---------------+----------------------------+-----
Axes           | 4 6 8 9 11 14 | 14.2
Fighting       | |  3.0
Armour         | |  1.5
Dodging        | |  1.5

Action                   |  1- 3 |  4- 6 |  7- 9 | 10-12 || total
-------------------------+-------+-------+-------+-------++-------
Melee: Hand axe          |    54 |   139 |    47 |       ||   240
       Tailslap          |     4 |    15 |    30 |       ||    49
       War axe           |       |       |   184 |       ||   184
       Unarmed           |       |       |    16 |     1 ||    17
Invok: Berserk           |     2 |     3 |     8 |       ||    13
 Abil: Rolling Charge    |    23 |    22 |    23 |       ||    68
Evoke: Wand              |     1 |     5 |    17 |       ||    23
  Use: Potion            |       |     6 |     3 |     2 ||    11
       Scroll            |       |     2 |     9 |       ||    11
 Stab: Sleeping          |     1 |     1 |       |       ||     2
Armor: Animal skin       |     9 |    22 |    57 |       ||    88
       Skin              |       |       |    14 |     2 ||    16
Dodge: Dodged            |    31 |    88 |   172 |     6 ||   297

Table legend: (Time is in decaauts)
 A = Elapsed time spent in this place.
 B = Non-inter-level travel time spent in this place.
 C = Inter-level travel time spent in this place.
 D = Time resting spent in this place.
 E = Time spent auto-exploring this place.
 F = Levels seen in this place.
 G = Mean time per level.
                   A        B        C        D        E       F      G
               +--------+--------+--------+--------+--------+-----+--------+
         Total |   8631 |   8214 |    417 |    289 |   7050 |   8 | 1078.9 |
       Dungeon |   8631 |   8214 |    417 |    289 |   7050 |   8 | 1078.9 |
               +--------+--------+--------+--------+--------+-----+--------+

Top non-repeatable levels by time:
     D:4: 1489 daAuts
     D:3: 1398 daAuts
     D:5: 1205 daAuts
     D:6: 1130 daAuts
     D:2: 971 daAuts
     D:7: 943 daAuts
     D:1: 926 daAuts
     D:8: 564 daAuts
